 Dungeon Crawl Stone Soup version 0.28-a0-1404-g4df0f3684d (webtiles) character file.

Game seed: 16432897960348654434

133 ipx the Bolt Thrower (level 5, -5/32 HPs)
             Began as a Gargoyle Arcane Marksman on Jan 5, 2022.
             Slain by a water moccasin (8 damage)
             ... on level 4 of the Dungeon.
             The game lasted 00:07:51 (564 turns).

ipx the Bolt Thrower (Gargoyle Arcane Marksman)      Turns: 564, Time: 00:07:52

Health: -5/32      AC:  9    Str: 16    XL:     5   Next: 16%
Magic:  6/6        EV: 10    Int: 11    God:
Gold:   9          SH:  0    Dex: 10    Spells: 5/6 levels left

rFire   . . .      SeeInvis .   a - +0 hand crossbow
rCold   . . .      Faith    .   (no shield)
rNeg    + . .      Spirit   .   l - +0 ring mail
rPois   ∞          Reflect  .   (no helmet)
rElec   +          Harm     .   (no cloak)
rCorr   .          Rampage  .   (no gloves)
Will    .....                   (no boots)
Stlth   ..........              (no amulet)
HPRegen 0.10/turn               (no ring)
MPRegen 0.10/turn               (no ring)

@: no status effects
A: sickness immunity, AC +4, negative energy resistance 1, electricity
resistance, torment resistance 1, petrification resistance, dopey 1
a: no special abilities


You were on level 4 of the Dungeon.
You visited 1 branch of the dungeon, and saw 4 of its levels.

You collected 9 gold pieces.

Inventory:

Hand Weapons
 a - a +0 hand crossbow (weapon)
 b - a +0 hand axe
Missiles
 c - 4 bolts (quivered ammo)
Armour
 f - an orb of light
 l - a +0 ring mail (worn)
Magical Staves
 j - a staff of earth
Scrolls
 d - a scroll of enchant armour {unknown}
 e - 3 scrolls of identify {unknown}
 h - 3 scrolls of blinking {unknown}
 i - a scroll of vulnerability {unknown}
Potions
 g - a potion of mutation


   Skills:
 - Level 3.4 Fighting
 + Level 1.5 Axes
 - Level 3.6 Crossbows
 - Level 1.5 Dodging
 - Level 1.0 Spellcasting
 - Level 2.6 Hexes


You had 5 spell levels left.
You knew the following spells:

 Your Spells              Type           Power      Damage    Failure   Level
s - Slow                  Hex            24%        N/A       21%         1

Your spell library contained the following spells:

 Spells                   Type           Power      Damage    Failure   Level
 Inner Flame              Hex/Fire       3%         N/A       71%         3
 Portal Projectile        Hex/Tloc       6%         N/A       71%         3
 Cause Fear               Hex            3%         N/A       90%         4


Dungeon Overview and Level Annotations

Branches:
Dungeon (4/15)
 Temple: D:4-7

Altars:
Cheibriados
Zin


Innate Abilities, Weirdness & Mutations

You are immune to sickness and miasma.
Your stone body is resilient. (AC +4)
You are immune to poison.
You resist negative energy. (rN+)
You are resistant to electric shocks. (rElec)
You are resistant to unholy torment.
You are immune to petrification.
You are dopey. (Int -2)


Message History

Press: ? - help, Q - select action, (/) - cycle Shift-Dir - straight line, f/p - water moccasin
Aim: a water moccasin (lightly wounded, 44% to hit)
You shoot a bolt.
The bolt closely misses the water moccasin.
The water moccasin bites you.
* * * LOW HITPOINT WARNING * * *
The water moccasin bites you.
* * * LOW HITPOINT WARNING * * *
Fire: 9 bolts
Press: ? - help, Q - select action, (/) - cycle Shift-Dir - straight line, f/p - water moccasin
Aim: a water moccasin (lightly wounded, 44% to hit)
You shoot a bolt.
The bolt closely misses the water moccasin.
The water moccasin bites you but does no damage. x2
Fire: 8 bolts
Press: ? - help, Q - select action, (/) - cycle Shift-Dir - straight line, f/p - water moccasin
Aim: a water moccasin (lightly wounded, 44% to hit)
You shoot a bolt. The bolt misses the water moccasin.
The water moccasin misses you.
The water moccasin bites you but does no damage.
Fire: 7 bolts
Press: ? - help, Q - select action, (/) - cycle Shift-Dir - straight line, f/p - water moccasin
Aim: a water moccasin (lightly wounded, 44% to hit)
You shoot a bolt. The bolt hits the water moccasin!
The water moccasin is heavily wounded.
The water moccasin closely misses you. The water moccasin misses you.
Fire: 6 bolts
Press: ? - help, Q - select action, (/) - cycle Shift-Dir - straight line, f/p - water moccasin
Aim: a water moccasin (moderately wounded, 44% to hit)
You shoot a bolt.
The bolt closely misses the water moccasin.
The water moccasin bites you but does no damage.
The water moccasin closely misses you.
Fire: 5 bolts
Press: ? - help, Q - select action, (/) - cycle Shift-Dir - straight line, f/p - water moccasin
Aim: a water moccasin (moderately wounded, 44% to hit)
You shoot a bolt. The bolt hits the water moccasin!
The water moccasin is severely wounded.
The water moccasin bites you!
You die...

....#..†.........##
....#.............#
.#........##.##..#.
.[........##..#.....
..##.................
.(.........##........
.............##...#..
...........#.# .#.#.
.......<.@S..##....#
..#...#.....(......###
###.#....(.....|...#
#..............#..
####....$......>..
#......<...#
############


You could see a water moccasin.

Vanquished Creatures
  A phantom (D:3)
  An orc priest (D:3)
  A dart slug (D:3)
  An orc (D:3)
  3 bats
  An endoplasm (D:1)
  A giant cockroach (D:1)
  A goblin (D:1)
  2 hobgoblins
  2 kobolds
  A quokka (D:3)
  2 ball pythons
  3 frilled lizards
  3 rats
23 creatures vanquished.

Vanquished Creatures (others)
  A fungus (D:3)
1 creature vanquished.

Grand Total: 24 creatures vanquished

Notes
Turn   | Place    | Note
-------+----------+-------------------------------------------
     0 | D:1      | ipx the Gargoyle Arcane Marksman began the quest for the
                  | Orb.
     0 | D:1      | Reached XP level 1. HP: 12/12 MP: 2/2
   124 | D:1      | Reached XP level 2. HP: 17/17 MP: 3/3
   355 | D:3      | Noticed a phantom
   364 | D:3      | Killed a phantom
   365 | D:3      | Reached XP level 3. HP: 17/23 MP: 4/4
   365 | D:3      | Reached XP level 4. HP: 21/28 MP: 5/5
   404 | D:3      | Gained mutation: You are dopey. (Int -2) [potion of
                  | mutation]
   427 | D:3      | Reached skill level 1 in Axes
   427 | D:3      | Reached XP level 5. HP: 11/32 MP: 6/6
   443 | D:3      | Found a snail-covered altar of Cheibriados.
   489 | D:4      | Noticed a water moccasin
   505 | D:3      | Noticed a great orb of eyes
   544 | D:3      | Found a glowing silver altar of Zin.
   564 | D:4      | Slain by a water moccasin

Illustrated notes

Levels and vault maps discovered:
D:1:      tarquinn_simple_flora_water_d, layout_loops_ring
D:2:      layout_loops_cross, minmay_goblin_outpost, uniq_sigmund, uniq_terence
D:3:      layout_loops_corners, zin_academy, old_standard_altar,
          hellmonk_ecumenical_altar_watching_god, grunt_decor_cap,
          uniq_crazy_yiuf_cottage, uniq_grinder
D:4:      layout_rooms, lemuel_tele_altar, okawaru_altar_gauntlet_db

Skill      XL: |  1  2  3  4 |
---------------+-------------+-----
Fighting       | 3 |  3.4
Crossbows      | 3 |  3.6
Axes           | 1 |  1.5
Dodging        | |  1.5
Spellcasting   | |  1.0
Hexes          | |  2.6

Action                   |  1- 3 |  4- 6 || total
-------------------------+-------+-------++-------
Melee: Dagger            |     8 |       ||     8
       Quarterstaff      |    39 |     3 ||    42
       Hand axe          |       |     7 ||     7
 Fire: Hand crossbow     |    22 |    27 ||    49
  Use: Potion            |       |     3 ||     3
Armor: Robe              |    20 |       ||    20
       Ring mail         |     2 |    10 ||    12
Dodge: Dodged            |    44 |    20 ||    64

Table legend: (Time is in decaauts)
 A = Elapsed time spent in this place.
 B = Non-inter-level travel time spent in this place.
 C = Inter-level travel time spent in this place.
 D = Time resting spent in this place.
 E = Time spent auto-exploring this place.
 F = Levels seen in this place.
 G = Mean time per level.
                   A        B        C        D        E       F      G
               +--------+--------+--------+--------+--------+-----+--------+
         Total |    589 |    579 |     10 |      0 |      0 |   4 |  147.2 |
       Dungeon |    589 |    579 |     10 |      0 |      0 |   4 |  147.2 |
               +--------+--------+--------+--------+--------+-----+--------+

Top non-repeatable levels by time:
     D:3: 292 daAuts
     D:2: 146 daAuts
     D:1: 106 daAuts
     D:4: 45 daAuts
